Map: Simulacrum LE

Players

AgoElazer (Elazer) - Winner!

  • Race: Zerg Zerg
  • Spawn Location: 11:00

SortOf

  • Race: Zerg Zerg
  • Spawn Location: 5:00

Event: StayAtHomestory Cup #1

VOD

Have the link to the VOD?

Description

Time

  • Played on: April 11, 2020, 12:36 p.m.
  • Length: 9:18

All games in this series

Show
View Real Time Build Order
Export as new Build Order

AgoElazer Zerg - Winner!

Build Orders: Hatch First 

Get SALT Encoding   

  12  0:00  Drone  
  13  0:12  Overlord  
  13  0:16  Drone  
  14  0:30  Drone x2  
  16  0:48  Hatchery  
  15  0:50  Drone  
  15  0:54  Drone  
  17  0:58  Drone  
  18  1:10  Extractor  
  17  1:13  Spawning Pool  
  17  1:16  Drone  
  17  1:20  Drone  
  18  1:27  Drone  
  19  1:38  Drone  
  20  1:49  Drone  
  21  2:00  Queen x2, Drone  
  26  2:02  Overlord  
  26  2:11  Drone, Metabolic Boost  
  26  2:12  Zergling x2  
  28  2:21  Drone x2  
  30  2:32  Drone  
  30  2:36  Hatchery  
  30  2:41  Drone  
  30  2:44  Drone x2  
  33  2:50  Baneling Nest  
  32  2:53  Overlord  
  32  2:56  Drone  
  34  3:05  Drone x2  
  34  3:09  Overlord  
  34  3:10  Drone  
  34  3:12  Queen  
  36  3:15  Drone  
  36  3:18  Zergling x4  
  41  3:20  Zergling x2  
  41  3:24  Drone x2  
  44  3:31  Extractor  
  44  3:32  Drone x2  
  45  3:41  Drone x5  
  49  3:44  Drone x2  
  49  3:45  Evolution Chamber  
  50  3:49  Drone  
  50  3:53  Lair  
  51  3:55  Overlord  
  51  3:58  Drone  
  51  3:59  Drone  
  53  4:03  Drone  
  53  4:04  Drone  
  53  4:09  Roach Warren  
  54  4:10  Zerg Missile Weapons Level 1  
  54  4:12  Drone  
  54  4:13  Drone  
  54  4:15  Drone  
  54  4:16  Drone  
  58  4:18  Drone  
  58  4:19  Drone  
  60  4:25  Extractor, Drone x3  
  60  4:27  Zergling x2  
  60  4:28  Zergling x2  
  64  4:32  Overlord  
  64  4:33  Drone x2  
  64  4:34  Extractor  
  65  4:38  Drone  
  65  4:43  Overlord  
  65  4:45  Extractor, Drone  
  66  4:46  Overlord  
  66  4:49  Overlord  
  66  4:50  Glial Reconstitution  
  66  4:53  Roach x3  
  66  4:57  Roach  
  66  4:58  Overlord  
  74  5:03  Roach x3  
  80  5:11  Roach x4  
  86  5:22  Nydus Network  
  86  5:25  Overlord  
  86  5:26  Roach  
  86  5:27  Roach x3  
  93  5:31  Roach  
  93  5:32  Roach x2  
  99  5:36  Roach x2  
  99  5:39  Roach  
  105  5:43  Overlord  
  105  5:44  Roach  
  105  5:48  Roach  
  109  5:51  Roach  
  109  5:52  Roach  
  104  5:57  Roach x4  
  104  6:02  Roach x2  
  106  6:06  Roach x2  
  108  6:12  Roach x3  
  108  6:15  Roach  
  108  6:17  Ravager  
  117  6:19  Ravager  
  117  6:20  Ravager  
  117  6:22  Overlord  
  117  6:24  Queen  
  117  6:25  Overlord  
  121  6:28  Overlord  
  121  6:33  Zerg Missile Weapons Level 2  
  121  6:38  Overlord x2  
  121  6:46  Ravager  
  122  6:49  Roach  
  122  6:50  Roach x3  
  122  6:51  Overlord  
  130  6:57  Roach x4  
  138  7:07  Nydus Canal  
  138  7:08  Roach x4  
  146  7:18  Overlord x2  
  146  7:34  Overlord  
  146  7:37  Roach x8  
  162  7:49  Roach  
  162  7:52  Overlord x2  
  162  7:55  Roach x4  
  170  8:05  Overlord  
  170  8:11  Roach x6  
  182  8:15  Roach  
  182  8:16  Roach  
  182  8:17  Hatchery  
  185  8:24  Roach x4  
  193  8:31  Ravager  
  193  8:33  Nydus Canal  
  188  8:42  Roach x3  
  192  8:52  Roach x7  
Show
View Real Time Build Order
Export as new Build Order

SortOf Zerg 

Build Orders: Hatch First 

Get SALT Encoding   

  12  0:00  Drone  
  13  0:12  Overlord  
  13  0:17  Drone  
  14  0:31  Drone x2  
  16  0:49  Hatchery  
  15  0:52  Drone  
  15  0:55  Drone  
  17  0:58  Drone  
  18  1:09  Extractor  
  17  1:14  Spawning Pool  
  17  1:17  Drone  
  17  1:20  Drone  
  18  1:28  Drone  
  19  1:39  Drone  
  20  1:50  Drone  
  21  2:01  Queen  
  23  2:02  Overlord  
  23  2:03  Queen  
  23  2:04  Drone  
  26  2:09  Metabolic Boost  
  26  2:11  Drone x2  
  28  2:23  Drone x2  
  30  2:34  Hatchery  
  29  2:37  Drone  
  29  2:39  Drone  
  31  2:50  Zergling x4  
  31  2:51  Baneling Nest  
  32  2:54  Overlord  
  32  3:00  Drone  
  32  3:03  Queen  
  35  3:05  Drone  
  36  3:13  Drone x3  
  36  3:14  Drone  
  40  3:23  Evolution Chamber  
  40  3:24  Zergling x2  
  40  3:25  Overlord  
  40  3:29  Drone x2  
  42  3:35  Baneling  
  42  3:37  Drone x2  
  44  3:46  Drone x2  
  47  3:48  Drone  
  47  3:51  Drone x2  
  47  3:53  Zerg Ground Armor Level 1  
  48  3:56  Roach Warren  
  48  3:57  Extractor  
  48  3:59  Extractor, Drone x2  
  47  4:03  Zergling x4  
  47  4:07  Drone  
  47  4:08  Drone  
  51  4:11  Drone  
  51  4:13  Overlord  
  51  4:14  Drone  
  53  4:19  Overlord  
  53  4:24  Overlord  
  53  4:29  Overlord  
  53  4:32  Zergling x6  
  53  4:37  Roach x3  
  53  4:38  Roach  
  64  4:40  Roach  
  64  4:44  Roach  
  67  4:49  Roach x2  
  67  4:50  Roach  
  73  4:53  Roach  
  73  4:55  Baneling  
  73  4:56  Roach  
  77  5:04  Roach x3  
  77  5:06  Overlord  
  83  5:08  Zergling x2  
  83  5:15  Zergling x6  
  83  5:17  Zergling x6  
  87  5:21  Zergling x4  
  87  5:25  Overlord  
  87  5:27  Baneling  
  87  5:28  Zergling x2  
  90  5:29  Baneling  
  90  5:30  Zergling x8  
  90  5:34  Zergling x2  
  95  5:36  Zergling x4  
  95  5:39  Overlord  
  97  5:43  Overlord  
  97  5:45  Ravager x3  
  97  5:46  Ravager  
  101  5:55  Zergling x4  
  96  5:58  Zergling x14  
  96  6:01  Zergling x2  
  96  6:05  Zergling x6  
  91  6:11  Zergling x6  
  94  6:18  Zerg Missile Weapons Level 1  
  94  6:19  Lair  
  94  6:21  Drone x2  
  96  6:29  Drone x2  
  96  6:30  Drone  
  99  6:38  Drone x2  
  99  6:39  Drone x3  
  107  6:40  Drone x3  
  107  6:41  Drone  
  107  6:46  Drone x4  
  112  6:47  Extractor  
  111  6:54  Ravager x2  
  111  6:55  Roach x2  
  116  7:02  Roach x2  
  116  7:07  Roach  
  122  7:11  Overlord  
  122  7:13  Overlord  
  122  7:18  Glial Reconstitution  
  122  7:20  Overlord  
  122  7:21  Overlord x2  
  122  7:22  Overlord  
  122  7:27  Spine Crawler  
  122  7:29  Spine Crawler x2  
  118  7:33  Roach x6  
  124  7:42  Roach x2  
  126  7:49  Roach x4  
  128  7:57  Overlord  
  128  8:02  Roach x8  
  147  8:11  Ravager  
  147  8:12  Roach x3  
  154  8:13  Overlord  
  154  8:18  Extractor  
  153  8:23  Overlord  
  153  8:25  Ravager, Roach x2  
  158  8:30  Roach  
  157  8:35  Roach x2  
  157  8:39  Roach x4  
  157  8:40  Zergling x2, Roach  
  168  8:42  Queen  
  168  8:45  Overlord  
  144  8:56  Roach x2  
Tags
 
Add a new tag
Caveats
  • Supply blocks, unpowered buildings, or Contaminate may cause inaccurate times.
  • Supply counts are checked every 10 seconds.